 Dungeon Crawl Stone Soup version 0.29-a0-553-g81b289dbe5 (webtiles) character file.

Game seed: 14748476565918657067

175 DocClef the Covert (level 5, -3/47 HPs)
             Began as a Gnoll Delver on June 6, 2022.
             Slain by a gnoll
             ... wielding a +0 flail
              (10 damage)
             ... on level 2 of the Dungeon.
             The game lasted 00:03:16 (2452 turns).

DocClef the Covert (Gnoll Delver)                   Turns: 2452, Time: 00:03:17

Health: -3/47      AC: 10    Str: 13    XL:     5   Next: 55%
Magic:  7/7        EV:  7    Int:  9    God:
Gold:   93         SH:  0    Dex: 20    Spells: 7/7 levels left

rFire   . . .      SeeInvis .   a - +0 short sword
rCold   . . .      Faith    .   (no shield)
rNeg    . . .      Spirit   .   p - +2 chain mail {Will+}
rPois   .          Reflect  .   (no helmet)
rElec   .          Harm     .   (no cloak)
rCorr   .          Rampage  .   (no gloves)
Will    +....                   (no boots)
Stlth   ++........              (no amulet)
HPRegen 0.15/turn               j - +6 ring of dexterity
MPRegen 0.10/turn               (no ring)

@: brilliant
A: fangs 1, strong nose, distributed training
a: no special abilities


You were on level 2 of the Dungeon.
You visited 1 branch of the dungeon, and saw 4 of its levels.
You also visited: Sewer.

You collected 93 gold pieces.

Inventory:

Hand Weapons
 a - a +0 short sword (weapon)
Missiles
 i - 8 boomerangs (quivered)
Armour
 b - a +0 leather armour
 p - a +2 chain mail of willpower (worn)
Jewellery
 j - a +6 ring of dexterity (left hand)
Wands
 g - a wand of digging (3)
Scrolls
 c - 3 scrolls of fog
 d - a scroll of magic mapping
 e - 2 scrolls of fear
 h - 3 scrolls of identify {unknown}
 l - a scroll of enchant weapon {unknown}
 n - a scroll of teleportation {unknown}
 o - 2 scrolls of amnesia {unknown}
Potions
 f - 2 potions of haste


   Skills:
 + Level 6.7 Fighting
 + Level 4.8 Short Blades
 + Level 1.5 Long Blades
 + Level 1.5 Axes
 + Level 1.5 Maces & Flails
 + Level 1.5 Polearms
 + Level 1.5 Staves
 + Level 1.5 Slings
 + Level 1.5 Bows
 + Level 1.5 Crossbows
 + Level 1.5 Throwing
 + Level 1.5 Armour
 + Level 4.8 Dodging
 + Level 9.7 Stealth
 + Level 1.5 Shields
 + Level 1.5 Unarmed Combat
 + Level 1.5 Spellcasting
 + Level 1.2 Conjurations
 + Level 1.2 Hexes
 + Level 1.2 Summonings
 + Level 1.2 Necromancy
 + Level 1.2 Translocations
 + Level 1.2 Transmutations
 + Level 1.2 Fire Magic
 + Level 1.2 Ice Magic
 + Level 1.2 Air Magic
 + Level 1.2 Earth Magic
 + Level 1.2 Poison Magic
 + Level 1.7 Invocations
 + Level 1.5 Evocations


You had 7 spell levels left.
You didn't know any spells.
Your spell library contained the following spells:

 Spells                   Type           Power      Damage    Failure   Level
 Sting                    Tmut/Pois      16%        1d3       100%        1
 Poisonous Vapours        Pois/Air       8%         N/A       100%        2
 Olgreb's Toxic Radiance  Pois           4%         N/A       100%        4


Dungeon Overview and Level Annotations

Branches:
Dungeon (5/15)              Sewer (visited)
 Temple: D:4-7

Altars:


Innate Abilities, Weirdness & Mutations

You have very sharp teeth.
Your uncanny sense of smell can sniff out nearby items.
Your experience applies equally to all skills.


Message History

Unknown command.
You struggle against the net.
The gnoll hits you with a +0 flail.
You struggle against the net.
You shred the net and break free!
The gnoll hits you from afar with a +0 halberd.
The gnoll hits you but does no damage.
An endoplasm comes into view.
The gnoll completely misses you. The gnoll attacks as you move away!
The gnoll hits you with a +0 flail.
The gnoll throws a throwing net.
The throwing net barely misses you. The gnoll barely misses you.
The gnoll attacks as you move away! The gnoll hits you with a +0 flail.
The gnoll attacks as you move away! The gnoll completely misses you.
The gnoll attacks as you move away! The gnoll hits you with a +0 flail.
The gnoll attacks as you move away! The gnoll hits you with a +0 flail.
The gnoll attacks as you move away! The gnoll hits you but does no damage.
The gnoll attacks as you move away! The gnoll hits you but does no damage.
You barely miss the gnoll. You hit the gnoll.
The gnoll is moderately wounded.
You hit the gnoll but do no damage.
The gnoll is moderately wounded.
The gnoll hits you with a +0 flail!
* * * LOW HITPOINT WARNING * * *
You puncture the gnoll!
The gnoll is almost dead.
You closely miss the gnoll. You bite the gnoll, but do no damage.
The gnoll is almost dead.
The gnoll hits you with a +0 flail.
* * * LOW HITPOINT WARNING * * *
It was a potion of curing.
You feel better. The gnoll hits you with a +0 flail!
* * * LOW HITPOINT WARNING * * *
It was a potion of magic.
Magic courses through your body. The gnoll barely misses you.
It was a potion of brilliance.
You feel clever all of a sudden. The gnoll barely misses you.
A giant cockroach and a rat come into view.
The gnoll attacks as you move away! The gnoll hits you with a +0 flail!
You die...

............# ∆
###.........# ∆
#.........#
#..##.....# ∆
#....J....#
+.......g(#
#...?.....######
#J.......ggg.g.#
#..###########@#
#.. #..# ..J.
##.#∆ ##... .#
### .. #B# r# ..


You could see 4 gnolls, a giant cockroach (asleep) and a rat (asleep).

Vanquished Creatures
  An orc wizard (D:4)
  A gnoll (D:4)
  8 adders
  2 worms
  2 dart slugs
  7 orcs
  2 endoplasms
  3 giant cockroaches
  3 goblins
  3 hobgoblins (D:3)
  5 jackals (D:2)
  2 kobolds (D:2)
  2 quokkas
  5 ball pythons
  4 bats
  2 frilled lizards
  6 rats
58 creatures vanquished.

Notes
Turn   | Place    | Note
-------+----------+-------------------------------------------
     0 | D:5      | Reached skill level 9 in Stealth
     0 | D:5      | DocClef the Gnoll Delver began the quest for the Orb.
     0 | D:5      | Reached XP level 1. HP: 23/23 MP: 1/1
    61 | D:5      | Noticed a gnoll shaman
    81 | D:4      | Noticed a necrophage
    85 | D:4      | Reached XP level 2. HP: 29/29 MP: 2/2
   138 | D:4      | Reached skill level 1 in Invocations
   138 | D:4      | Reached XP level 3. HP: 35/35 MP: 2/4
   207 | D:3      | Reached skill level 1 in Long Blades
   207 | D:3      | Reached skill level 1 in Axes
   207 | D:3      | Reached skill level 1 in Maces & Flails
   207 | D:3      | Reached skill level 1 in Polearms
   207 | D:3      | Reached skill level 1 in Staves
   207 | D:3      | Reached skill level 1 in Slings
   207 | D:3      | Reached skill level 1 in Bows
   207 | D:3      | Reached skill level 1 in Crossbows
   207 | D:3      | Reached skill level 1 in Throwing
   207 | D:3      | Reached skill level 1 in Armour
   207 | D:3      | Reached skill level 1 in Shields
   207 | D:3      | Reached skill level 1 in Unarmed Combat
   207 | D:3      | Reached skill level 1 in Spellcasting
   207 | D:3      | Reached skill level 1 in Evocations
   270 | D:3      | Reached XP level 4. HP: 8/41 MP: 5/5
   406 | D:3      | Found a glowing drain.
   410 | Sewer    | Entered a sewer
   581 | Sewer    | HP: 3/61 [poisoned by an adder]
   587 | Sewer    | Reached skill level 1 in Conjurations
   587 | Sewer    | Reached skill level 1 in Hexes
   587 | Sewer    | Reached skill level 1 in Summonings
   587 | Sewer    | Reached skill level 1 in Necromancy
   587 | Sewer    | Reached skill level 1 in Translocations
   587 | Sewer    | Reached skill level 1 in Transmutations
   587 | Sewer    | Reached skill level 1 in Fire Magic
   587 | Sewer    | Reached skill level 1 in Ice Magic
   587 | Sewer    | Reached skill level 1 in Air Magic
   587 | Sewer    | Reached skill level 1 in Earth Magic
   587 | Sewer    | Reached skill level 1 in Poison Magic
   587 | Sewer    | HP: 1/91 [poisoned by an adder]
   935 | Sewer    | Reached XP level 5. HP: 47/47 MP: 6/6
  2452 | D:2      | Slain by a gnoll

Illustrated notes

Levels and vault maps discovered:
D:2:      minmay_spotlight, layout_basic, serial_shops, nicolae_lakefront_shop,
          hellmonk_ecumenical_altar_inner_sanctum, grunt_ministairs_2,
          wander_ebering_terrifying_dragon_lair
D:3:      layout_basic, gup_sewer_entry_bowl
D:4:      layout_basic
D:5:      layout_basic, okawaru_ov_weapons_minmay, elyvilon_altar_4,
          minmay_temple_entry_crystal_x, uniq_duvessa

Skill      XL: |  1  2  3  4 |
---------------+-------------+-----
Stealth        | |  9.7
Invocations    | 1 |  1.7
Long Blades    | 1 |  1.5
Axes           | 1 |  1.5
Maces & Flails | 1 |  1.5
Polearms       | 1 |  1.5
Staves         | 1 |  1.5
Slings         | 1 |  1.5
Bows           | 1 |  1.5
Crossbows      | 1 |  1.5
Throwing       | 1 |  1.5
Armour         | 1 |  1.5
Shields        | 1 |  1.5
Unarmed Combat | 1 |  1.5
Spellcasting   | 1 |  1.5
Evocations     | 1 |  1.5
Conjurations   | 1 |  1.2
Hexes          | 1 |  1.2
Summonings     | 1 |  1.2
Necromancy     | 1 |  1.2
Translocations | 1 |  1.2
Transmutations | 1 |  1.2
Fire Magic     | 1 |  1.2
Ice Magic      | 1 |  1.2
Air Magic      | 1 |  1.2
Earth Magic    | 1 |  1.2
Poison Magic   | 1 |  1.2
Fighting       | |  6.7
Short Blades   | |  4.8
Dodging        | |  4.8

Action                   |  1- 3 |  4- 6 || total
-------------------------+-------+-------++-------
Melee: Short sword       |    50 |   142 ||   192
       Bite              |     4 |    10 ||    14
       Punch             |       |     1 ||     1
  Use: Scroll            |     2 |       ||     2
       Potion            |       |     5 ||     5
 Stab: Distracted        |     1 |       ||     1
       Sleeping          |     6 |     5 ||    11
Armor: Leather armour    |     7 |    15 ||    22
       Skin              |       |     4 ||     4
       Chain mail        |       |    41 ||    41
Dodge: Dodged            |    28 |   104 ||   132

Table legend: (Time is in decaauts)
 A = Elapsed time spent in this place.
 B = Non-inter-level travel time spent in this place.
 C = Inter-level travel time spent in this place.
 D = Time resting spent in this place.
 E = Time spent auto-exploring this place.
 F = Levels seen in this place.
 G = Mean time per level.
                   A        B        C        D        E       F      G
               +--------+--------+--------+--------+--------+-----+--------+
         Total |   2514 |   2497 |     17 |    389 |   1501 |   5 |  502.8 |
       Dungeon |   1478 |   1461 |     17 |     79 |    914 |   4 |  369.5 |
         Sewer |   1036 |   1036 |      0 |    310 |    587 |   1 | 1036.0 |
               +--------+--------+--------+--------+--------+-----+--------+

Top non-repeatable levels by time:
   Sewer: 1036 daAuts
     D:3: 933 daAuts
     D:2: 396 daAuts
     D:5: 98 daAuts
     D:4: 49 daAuts
